 Dungeon Crawl Stone Soup version 0.22-a0-117-g314b907 (webtiles) character file.

304 tsouns the Chopper (level 6, -2/57 HPs)
             Began as a Naga Fighter on Jan 29, 2018.
             Slain by a worker ant (4 damage)
             ... on level 4 of the Dungeon.
             The game lasted 00:05:10 (2781 turns).

tsouns the Chopper (Naga Fighter)                   Turns: 2781, Time: 00:05:12

Health: -2/57      AC:  5    Str: 19    XL:     6   Next: 38%
Magic:  6/6        EV:  5    Int: 10    God:
Gold:   64         SH:  9    Dex: 10    Spells: 5/5 levels left

rFire    . . .     SeeInvis +   g - +1 hand axe (chop)
rCold    . . .     Gourm    .   c - +0 shield
rNeg     . . .     Faith    .   b - +0 scale mail
rPois    +         Spirit   .   (no helmet)
rElec    .         Reflect  .   (no cloak)
rCorr    .         Harm     .   (no gloves)
MR       .....                  (no barding)
Stlth    ..........             (no amulet)
HPRegen  0.19/turn              (no ring)
MPRegen  0.10/turn              (no ring)

@: very slow
A: large, see invisible, deformed body, poison resistance, slowness 2, slow
metabolism 1, spit poison 1, AC +2
a: Spit Poison


You were on level 4 of the Dungeon.
You were not hungry.

You visited 1 branch of the dungeon, and saw 4 of its levels.

You collected 64 gold pieces.

Inventory:

Hand Weapons
 a - a +0 war axe
 g - a +1 hand axe of chopping (weapon)
Missiles
 j - 78 stones (quivered)
Armour
 b - a +0 scale mail (worn)
 c - a +0 shield (worn)
Wands
 p - a wand of random effects (17)
Scrolls
 d - a scroll of teleportation
 e - 3 scrolls of remove curse
Potions
 h - a potion of might
 i - 2 potions of degeneration
 k - a potion of mutation
 l - 2 potions of curing
 n - 3 potions of heal wounds {unknown}
 o - 2 potions of lignification {unknown}
Comestibles
 f - 5 rations
 m - a chunk of flesh


   Skills:
 + Level 4.0 Fighting
 + Level 4.2 Axes
 - Level 3.4 Armour
 - Level 0.6 Dodging
 + Level 1.2 Stealth
 + Level 3.0 Shields


You had 5 spell levels left.
You didn't know any spells.

Dungeon Overview and Level Annotations

Branches:
Dungeon (4/15)
 Temple: D:4-7

Altars:
Elyvilon

Annotations:
D:4 Edmund


Innate Abilities, Weirdness & Mutations

You cannot wear boots.
Your serpentine skin is tough. (AC +2)
You have supernaturally acute eyesight. (SInv)
Armour fits poorly on your strangely shaped body.
Your system is resistant to poisons. (rPois)
You cover ground very slowly.
You have a slow metabolism.
You can spit poison.


Message History

* * * LOW HITPOINT WARNING * * *
You closely miss Edmund.
Edmund is heavily wounded.
You hit the worker ant but do no damage.
The worker ant bites you.
* * * LOW HITPOINT WARNING * * *
You block Edmund's attack.
You hit Edmund.
Edmund is heavily wounded.
You closely miss the worker ant. The worker ant bites you.
* * * LOW HITPOINT WARNING * * *
You block the worker ant's attack.
Unknown command.
You hit Edmund but do no damage.
Edmund is heavily wounded.
You hit the worker ant but do no damage.
Edmund hits you with a dire flail of holy wrath.
* * * LOW HITPOINT WARNING * * *
The worker ant bites you.
You die...

.#..####.###
...........#
##.#####.#.###
#...........#
######.##.#.# #
#..รท.#.# .# #..###.#
..# #..###.#######.%.##
#......#.@@a.>.....
.....#.##..............
..##.#.#..##...........
#.#....######.#...#. #
###..# .# ..# #..# .#
.# ...# .# # ##.## .#
.. ..


You could see Edmund and a worker ant.

Vanquished Creatures
  A bullfrog (D:3)
  A crimson imp (D:2)
  A centaur zombie (D:2)
  An iguana (D:2)
  A worker ant (D:4)
  5 adders
  An ooze (D:3)
  4 worms (D:2)
  2 dart slugs
  3 leopard geckos
  2 orcs (D:3)
  A ball python (D:1)
  7 bats
  2 giant cockroaches
  10 goblins
  6 hobgoblins
  6 kobolds
  A quokka (D:3)
  8 frilled lizards
  8 rats
71 creatures vanquished.

Vanquished Creatures (others)
  4 toadstools (D:1)
4 creatures vanquished.

Grand Total: 75 creatures vanquished

Notes
Turn   | Place    | Note
-------+----------+-------------------------------------------
     0 | D:1      | tsouns the Naga Fighter began the quest for the Orb.
     0 | D:1      | Reached XP level 1. HP: 21/21 MP: 1/1
   268 | D:1      | Reached XP level 2. HP: 21/28 MP: 2/2
   698 | D:1      | Reached XP level 3. HP: 30/34 MP: 3/3
   937 | D:2      | Reached XP level 4. HP: 36/42 MP: 4/4
  1183 | D:2      | Reached XP level 5. HP: 35/50 MP: 5/5
  2003 | D:3      | Found a white marble altar of Elyvilon.
  2296 | D:3      | Reached XP level 6. HP: 57/57 MP: 6/6
  2760 | D:4      | Reached skill level 1 in Stealth
  2768 | D:4      | Noticed Edmund
  2781 | D:4      | HP: 2/57 [Edmund/dire flail of holy wrath (5)]
  2781 | D:4      | Slain by a worker ant

Vault maps used:
D:1:      ldierk_water_garden, serial_glass, glass_columns_b, glass_columns_a,
          bh_walls_and_bars
D:2:      hex_medium
D:3:      roderic_st_hans_cross, elyvilon_altar_4
D:4:      fedhas_altar_fruit_tree, uniq_edmund

Skill      XL: |  1  2  3  4  5  6 |
---------------+-------------------+-----
Axes           | 3 4 |  4.2
Armour         | 3 |  3.4
Shields        | 3 |  3.0
Fighting       | 4 |  4.0
Stealth        | 1 |  1.2
Dodging        | |  0.6

Action                   |  1- 3 |  4- 6 || total
-------------------------+-------+-------++-------
Melee: War axe           |    91 |   102 ||   193
       Hand axe          |       |    83 ||    83
Evoke: Wand              |       |     2 ||     2
  Use: Scroll            |       |     6 ||     6
       Potion            |       |     1 ||     1
  Eat: Chunk             |       |     4 ||     4
       Ration            |       |     1 ||     1
Armor: Scale mail        |    46 |    58 ||   104
Dodge: Dodged            |    26 |    38 ||    64
Block: Shield            |    52 |    66 ||   118

Table legend:
 A = Spawn XP
 B = Non-spawn XP
 C = Spawn XP percentage of total XP
 D = Spawn monster count
 E = Non-spawn monster count
 F = Spawn count percentage of total count
 G = Total turns spent on level
                    A         B        C        D         E        F      G
               +---------+---------+-------+---------+---------+-------+---------
         Total |       0 |     435 |   0.0 |       0 |      71 |   0.0 |  2781
               +---------+---------+-------+---------+---------+-------+---------
           D:1 |       0 |      35 |   0.0 |       0 |      22 |   0.0 |   818
           D:2 |       0 |     198 |   0.0 |       0 |      31 |   0.0 |  1135
           D:3 |       0 |     165 |   0.0 |       0 |      16 |   0.0 |   718
           D:4 |       0 |      37 |   0.0 |       0 |       2 |   0.0 |   110
               +---------+---------+-------+---------+---------+-------+---------
